AoeStats
← ska_18

Arena

506861310Analyzed
3v3 RM · 15d ago on Sep 15, 2026· 42m 6s· 6 players
Game mode
Random Map
Map size
Normal (6 player)
Population
200
Speed
Normal
Resources
Standard
Victory
Conquest
Starting age
Dark Age
Ending age
Imperial Age
RankedLock teamsTeams togetherTeam positionsShared explorationLock speedFull tech treeHidden civsTurbo modeCheats
Victory
Defeat
🇳🇱 Georgians · Netherlands
918
+13
🇦🇹 Saracens · Austria
887
+14
🇹🇷 Cumans · Türkiye
834
+17
🇦🇷 Khmer · Argentina
871
-15
🇲🇽 Teutons · Mexico
854
-24
🇹🇷 Burgundians · Türkiye
823
-14
ska_18
10:36 Feudal Age
15:51 Castle Age
14:10 Double-Bit Axe
15:02 Horse Collar
15:47 Loom
18:07 Bow Saw
18:33 Wheelbarrow
22:23 Town Watch
23:48 Gold Mining
23:51 Stone Mining
24:39 Forging
24:38 Scale Barding Armor
24:32 Fletching
24:58 Hand Cart
24:36 Gold Mining
24:43 Stone Mining
25:53 Sanctity
27:39 Fervor
28:24 Gold Shaft Mining
27:50 Heavy Plow
32:45 Imperial Age
31:48 Masonry
31:34 Murder Holes
32:20 Iron Casting
32:56 Chain Barding Armor
32:32 Bodkin Arrow
34:39 Chemistry
33:41 Treadmill Crane
34:14 Town Patrol
34:51 Plate Barding Armor
34:24 Elite Mameluke
36:24 Blast Furnace
36:38 Hoardings
36:24 Conscription
36:15 Bimaristan
38:02 Two-Man Saw
38:41 Coinage
38:36 Bloodlines
38:26 Husbandry
39:44 Light Cavalry
sfdejonge
5:06 Loom
11:03 Feudal Age
16:20 Castle Age
14:57 Forging
14:38 Double-Bit Axe
15:46 Stone Mining
17:06 Wheelbarrow
27:34 Scale Barding Armor
27:23 Fletching
27:32 Horse Collar
29:20 Bow Saw
29:03 Gold Mining
29:35 Heavy Plow
34:44 Imperial Age
32:58 Svan Towers
33:22 Bloodlines
33:51 Bodkin Arrow
34:00 Padded Archer Armor
34:36 Hand Cart
36:02 Masonry
36:59 Chemistry
38:13 Forging
38:09 Scale Barding Armor
38:00 Bodkin Arrow
38:14 Cavalier
41:09 Husbandry
40:30 Light Cavalry
41:17 Pikeman
TheCucumberLord
0:27 Loom
10:15 Feudal Age
11:14 Double-Bit Axe
11:43 Horse Collar
16:19 Town Watch
22:25 Castle Age
20:56 Bloodlines
22:34 Gold Mining
24:03 Gold Shaft Mining
25:31 Town Patrol
25:44 Bow Saw
25:37 Heavy Plow
26:59 Wheelbarrow
27:43 Steppe Husbandry
28:05 Forging
28:01 Scale Barding Armor
28:44 Hand Cart
29:37 Iron Casting
31:18 Chain Barding Armor
34:53 Imperial Age
33:46 Scale Mail Armor
33:46 Padded Archer Armor
33:37 Fletching
35:17 Elite Steppe Lancer
pablocxp23
12:04 Feudal Age
10:21 Loom
17:08 Castle Age
15:17 Horse Collar
15:30 Double-Bit Axe
17:20 Gold Mining
17:21 Stone Mining
18:11 Heavy Plow
18:30 Bow Saw
19:57 Stone Shaft Mining
20:19 Pikeman
24:57 Wheelbarrow
34:16 Fletching
34:27 Padded Archer Armor
36:51 Bodkin Arrow
37:11 Leather Archer Armor
42:43 Hand Cart
Aethelflaed
0:37 Loom
10:49 Feudal Age
13:09 Double-Bit Axe
14:24 Horse Collar
18:38 Castle Age
31:19 Imperial Age
34:01 Chemistry
34:59 Elite Coustillier
36:53 Scale Barding Armor
38:40 Murder Holes
PNAL | Mark Max 77
11:36 Feudal Age
9:53 Loom
15:09 Castle Age
12:57 Double-Bit Axe
13:02 Horse Collar
15:05 Town Watch
15:56 Wheelbarrow
18:13 Bow Saw
18:05 Heavy Plow
19:24 Stone Mining
21:14 Gold Mining
25:05 Hand Cart
26:51 Pikeman
28:41 Ballistics
28:19 Murder Holes
28:41 Fletching
33:11 Imperial Age
31:44 Bodkin Arrow
32:57 Masonry
34:29 Bracer
35:04 Capped Ram
37:15 Chemistry
36:21 Siege Engineers
36:47 Architecture
36:53 Halberdier
Connection lost

Rejoining the realm…

Still unreachable

The connection could not be restored.

Session expired

The server has moved on; the page needs a fresh start.